 Dungeon Crawl Stone Soup version 0.27-a0-1200-g94dc6ad (webtiles) character file.

Game seed: 2240737872231222600

64 Meow the Stinger (level 4, 36/36 HPs)
             Began as a Naga Venom Mage on June 1, 2021.
             Quit the game on level 2 of the Dungeon.
             The game lasted 00:05:08 (1430 turns).

Meow the Stinger (Naga Venom Mage)                  Turns: 1430, Time: 00:05:08

Health: 36/36      AC:  2    Str: 11    XL:     4   Next: 12%
Magic:  8/8        EV:  9    Int: 16    God:
Gold:   38         SH:  0    Dex: 11    Spells: 2/9 levels left

rFire    . . .     SeeInvis +   a - +0 spear
rCold    . . .     Faith    .   (no shield)
rNeg     . . .     Spirit   .   b - +0 robe
rPois    +         Reflect  .   (no helmet)
rElec    .         Harm     .   (no cloak)
rCorr    .         Rampage  .   (no gloves)
Will     .....                  (no barding)
Stlth    ++........             (no amulet)
HPRegen  0.12/turn              (no ring)
MPRegen  0.11/turn              (no ring)

@: short of breath, very slow
A: AC +1, large, see invisible, deformed body, poison resistance, slowness 2,
spit poison 1, naga tail 1
a: Spit Poison


You were on level 2 of the Dungeon.
You visited 1 branch of the dungeon, and saw 2 of its levels.

You collected 38 gold pieces.

Inventory:

Hand Weapons
 a - a +0 spear (weapon)
Missiles
 d - 69 stones (quivered)
 m - 13 poisoned darts
Armour
 b - a +0 robe (worn)
Scrolls
 e - a scroll of summoning {unknown}
 h - a scroll of fog {unknown}
 i - a scroll of enchant armour {unknown}
 l - a scroll of noise {unknown}
Potions
 c - a potion of degeneration {unknown}
 f - a potion of haste {unknown}
 g - 2 potions of berserk rage {unknown}
 j - a potion of ambrosia {unknown}
 k - a potion of lignification {unknown}


   Skills:
 - Level 1.5 Dodging
 - Level 3.0 Stealth
 + Level 3.1 Spellcasting
 + Level 2.4 Conjurations
 - Level 1.0 Transmutations
 - Level 4.0 Poison Magic


You had 2 spell levels left.
You knew the following spells:

 Your Spells              Type           Power      Damage    Failure   Level
a - Sting                 Tmut/Pois      40%        1d5       7%          1
c - Mephitic Cloud        Conj/Pois/Air  9%         N/A       22%         3
C - Ignite Poison         Fire/Tmut/Pois 7%         N/A       28%         3

Your spell library contained the following spells:

 Spells                   Type           Power      Damage    Failure   Level
 Poisonous Vapours        Pois/Air       16%        N/A       12%         2
 Olgreb's Toxic Radiance  Pois           15%        N/A       34%         4


Dungeon Overview and Level Annotations

Branches:
Dungeon (2/15)

Altars:

Shops:
D:1 *


Innate Abilities, Weirdness & Mutations

Your serpentine skin is tough. (AC +1)
You have supernaturally acute eyesight. (SInv)
Armour fits poorly on your strangely shaped body.
Your system is resistant to poisons. (rPois)
You cover ground very slowly.
You can spit poison.
You have a snake-like lower body.


Message History

You throw a stone. The stone hits the bat zombie.
The bat zombie is lightly damaged.
Unknown command.
Throw: 71 stones
Press: ? - help, Q - select action, (/) - cycle Shift-Dir - straight line, f/p - bat zombie
Aim: a bat zombie (lightly damaged, 58% to hit)
You throw a stone.
The stone closely misses the bat zombie.
The bat zombie hits you.
You hit the bat zombie.
The bat zombie is severely damaged.
The bat zombie closely misses you.
The bat zombie hits you but does no damage.
The bat zombie hits you.
You hit the bat zombie.
You destroy the bat zombie!
Magic restored.
A jackal comes into view.
A jackal is nearby!
Press: ? - help, Shift-Dir - straight line, f - jackal
Aim: a jackal (asleep)
The splash of poison hits the jackal.
The jackal is poisoned.
The jackal is severely wounded.
The jackal barks!
Unknown command.
You feel a bit more experienced.
You have got your breath back.
You now have 38 gold pieces (gained 13).
A jackal comes into view.
Throw: 70 stones
Press: ? - help, Q - select action, (/) - cycle Shift-Dir - straight line, f - jackal
Aim: a jackal (wandering, hasn't noticed you, 45% to hit)
You throw a stone. The jackal barks!
The stone hits the jackal but does no damage.
Press: ? - help, Shift-Dir - straight line, f/p - jackal
Aim: a jackal The splash of poison hits the jackal.
The jackal is poisoned.
You kill the jackal!
Are you sure you want to abandon this character and quit the game? (Confirm with "yes".)

### ... ..# #.# #.#
. #.#
#.######.####.##
........@.......
.....[.>.####.##
.(.......####.#
.....#.........#. ##
.(..............
..................
##..#..#.#..(....##
..................
.###.##.##..#.....##


There were no monsters in sight!

Vanquished Creatures
  2 adders (D:2)
  2 dart slugs (D:1)
  3 ball pythons
  A bat (D:2)
  2 bat zombies (D:2)
  4 endoplasms (D:1)
  3 goblins (D:1)
  3 hobgoblins (D:1)
  7 jackals
  3 kobolds
  A quokka (D:1)
  3 frilled lizards
  4 rats
38 creatures vanquished.

Notes
Turn   | Place    | Note
-------+----------+-------------------------------------------
     0 | D:1      | Meow the Naga Venom Mage began the quest for the Orb.
     0 | D:1      | Reached XP level 1. HP: 15/15 MP: 3/3
   138 | D:1      | Reached skill level 1 in Conjurations
   138 | D:1      | Reached XP level 2. HP: 22/22 MP: 0/5
   482 | D:1      | Reached XP level 3. HP: 26/28 MP: 2/6
   528 | D:1      | Learned a level 3 spell: Mephitic Cloud
   532 | D:1      | Learned a level 3 spell: Ignite Poison
   619 | D:1      | Found Voaptef's Assorted Antiques.
  1359 | D:2      | Reached XP level 4. HP: 36/36 MP: 8/8
  1430 | D:2      | Quit the game

Illustrated notes

Levels and vault maps discovered:
D:1:      sevenhm_arrival_forest_fort_small_6, layout_loops_ring, serial_shops,
          nicolae_shop_stone
D:2:      layout_basic, serial_undead, serial_undead_a, serial_undead_d,
          serial_undead_c, serial_undead_c, serial_undead_c, serial_undead_e,
          serial_undead_a, kennysheep_generic_room_8, uniq_natasha

Skill      XL: |  1  2  3 |
---------------+----------+-----
Conjurations   | 1 2 |  2.4
Spellcasting   | 3 |  3.1
Dodging        | |  1.5
Stealth        | |  3.0
Transmutations | |  1.0
Poison Magic   | |  4.0

Action                   |  1- 3 |  4- 6 || total
-------------------------+-------+-------++-------
Melee: Spear             |     8 |     2 ||    10
Throw: Stone             |    16 |     3 ||    19
 Cast: Sting             |    36 |     2 ||    38
 Abil: Spit Poison       |    34 |     5 ||    39
Armor: Robe              |    21 |     2 ||    23
Dodge: Dodged            |    18 |     4 ||    22

Table legend: (Time is in decaauts)
 A = Elapsed time spent in this place.
 B = Non-inter-level travel time spent in this place.
 C = Inter-level travel time spent in this place.
 D = Time resting spent in this place.
 E = Time spent auto-exploring this place.
 F = Levels seen in this place.
 G = Mean time per level.
                   A        B        C        D        E       F      G
               +--------+--------+--------+--------+--------+-----+--------+
         Total |   1788 |   1769 |     19 |    365 |   1074 |   2 |  894.0 |
       Dungeon |   1788 |   1769 |     19 |    365 |   1074 |   2 |  894.0 |
               +--------+--------+--------+--------+--------+-----+--------+

Top non-repeatable levels by time:
     D:1: 1238 daAuts
     D:2: 549 daAuts
